 Dungeon Crawl Stone Soup version 0.32-a0-666-ge8a88695a4 (webtiles) character file.

Game seed: 7997353961610196917

1402 dialectric the Trooper (level 8, -2/65 HPs)
             Began as a Coglin Gladiator on Mar 9, 2024.
             Was a Priest of Qazlal.
             Slain by an orc warrior
             ... wielding a +0 halberd
              (10 damage)
             ... on level 8 of the Dungeon.
             The game lasted 00:06:24 (4509 turns).

dialectric the Trooper (Coglin Gladiator)           Turns: 4509, Time: 00:06:24

Health: -2/65      AC:  4    Str: 14    XL:     8   Next: 69%
Magic:  8/8        EV: 14    Int:  7    God:    Qazlal [***...]
Gold:   226        SH:  4    Dex: 19    Spells: 4/7 levels left

rFire   . . .        F - +0 trident (venom) {Agathoclea}
rCold   . . .        i - +1 short sword (protect) {Tiberius}
rNeg    . . .        b - +0 leather armour
rPois   .            c - +0 helmet
rElec   .            (no cloak)
rCorr   .            (no gloves)
SInv    .            (no boots)
Will    .....        (amulet unavailable)
Stlth   +            (ring unavailable)
HPRegen 0.30/turn    (ring unavailable)
MPRegen 0.11/turn    (no gizmo)

%: no passive effects
@: revving
A: off-hand wielding, slow wielding, warmup strikes, no jewellery
a: Invent Gizmo, Renounce Religion, Upheaval, Elemental Force


You were on level 8 of the Dungeon.
You worshipped Qazlal.
Qazlal was most pleased with you.
You visited 1 branch of the dungeon, and saw 6 of its levels.
You also visited: Sewer.

You collected 226 gold pieces.

Inventory:

Hand Weapons
 a - a +0 trident {Tertia}
 f - a +0 dagger {Servius}
 i - a +1 short sword of protection (offhand) {Tiberius}
 F - a +0 trident of venom (weapon) {Agathoclea}
Missiles
 e - a javelin
 D - 6 poisoned darts
Armour
 b - a +0 leather armour (worn)
 c - a +0 helmet (worn)
Wands
 y - a wand of flame (4)
 E - a wand of polymorph (12)
Scrolls
 g - 4 scrolls of identify {unknown}
 j - a scroll of butterflies {unknown}
 k - a scroll of blinking {unknown}
 l - 3 scrolls of enchant armour {unknown}
 m - a scroll of brand weapon {unknown}
 n - a scroll of revelation {unknown}
 p - 2 scrolls of poison {unknown}
 q - 2 scrolls of noise {unknown}
 r - a scroll of fear {unknown}
 s - 5 scrolls of teleportation {unknown}
 v - a scroll of acquirement {unknown}
 A - a scroll of amnesia {unknown}
 B - 2 scrolls of fog {unknown}
Potions
 h - a potion of enlightenment {unknown}
 o - a potion of attraction {unknown}
 t - a potion of experience {unknown}
 u - a potion of mutation {unknown}
 w - a potion of magic {unknown}
 x - 3 potions of haste {unknown}
 z - 2 potions of curing {unknown}
 C - a potion of heal wounds {unknown}


   Skills:
 * Level 6.6 Fighting
 + Level 5.0 Polearms
 - Level 3.0 Throwing
 + Level 3.5 Armour
 + Level 5.0 Dodging


You had 4 spell levels left.
You knew the following spells:

 Your Spells              Type           Power      Damage    Failure   Level
a - Swiftness             Air            0%         N/A       86%         3

Your spell library contained the following spells:

 Spells                   Type           Power      Damage    Failure   Level
 Ensorcelled Hibernation  Hex/Ice        0%         N/A       65%         2
 Lesser Beckoning         Tloc           0%         N/A       65%         2
 Fugue of the Fallen      Necr           0%         N/A       86%         3
 Gell's Gravitas          Tloc           0%         N/A       86%         3
 Passwall                 Erth           0%         N/A       86%         3
 Teleport Other           Tloc           0%         N/A       86%         3
 Anguish                  Hex/Necr       0%         N/A       99%         4


Dungeon Overview and Level Annotations

Branches:
Dungeon (8/15)              Sewer (visited)
 Temple: D:4-7         Lair: D:8-11

Altars:
Nemelex Xobeh
Qazlal
Wu Jian
The Shining One


Innate Abilities, Weirdness & Mutations

You can wield a second weapon in your off-hand.
It takes a long time for you to wield or remove held weapons.
Your first few attacks do less damage.
You cannot equip rings or amulets.


Message History

You are too injured to fight recklessly!
Unknown command.
You hit the orc warrior with your +0 trident of venom.
The orc warrior looks even sicker.
The orc warrior is lightly wounded.
You hit the orc warrior with your +1 short sword of protection.
The orc barely misses you.
You hit the orc with your +0 trident of venom.
The orc is poisoned.
The orc is heavily wounded.
You hit the orc with your +1 short sword of protection.
You kill the orc!
Qazlal accepts your kill. The orc warrior closely misses you.
The orc barely misses you. The orc warrior barely misses you.
An orc comes into view. It is wielding a +0 falchion.
The orc hits you with a +0 short sword.
Items here: )) [ †.
Unknown command.
Throw: 2 throwing nets
Press: ? - help, Q - select action, (/) - cycle Shift-Dir - straight line, f - orc warrior
Aim: an orc warrior, wielding a +0 halberd and wearing a +0 chain mail (moderately wounded, very poisoned, 60% to hit)
You throw a throwing net.
The throwing net barely misses the orc warrior.
The orc warrior hits you with a +0 halberd.
The orc barely misses you. The orc hits you with a +0 club.
Unknown command.
Throw: throwing net
Press: ? - help, Q - select action, (/) - cycle Shift-Dir - straight line, f/p - orc warrior
Aim: an orc warrior, wielding a +0 halberd and wearing a +0 chain mail (moderately wounded, very poisoned, 60% to hit)
You throw a throwing net.
The throwing net barely misses the orc warrior.
The orc warrior misses you.
Unknown command.
The orc warrior barely misses you.
The orc warrior hits you from afar with a +0 halberd!
* * * LOW HITPOINT WARNING * * *
The orc warrior attacks as it pursues you!
The orc warrior hits you from afar with a +0 halberd!
You die...

##....#............#.###..#
.......<...........(..#...#
.........................##
.......#.......^...........#
...#<..#............#.#.#..#.
...#...#.#..........#.###....
##.#...####..........#.......
##..[.####......o.).#.$...#
##....##......@§oo##......
#...###.)#..☼..##oo.#..
##..#...[#...#..##.)# _
##.....##...#...o)..# .
##...#...##......#....# ..
#...##...##.....###.....
..####.............. .....#
##.#..##............ ......#
##.z............. .....o#


You could see an orc warrior (very poisoned) and 5 orcs.

Vanquished Creatures
  A wyvern (D:7)
  An ice beast (D:7)
  An orc warrior (D:8)
  A black bear (D:7)
  A phantom (Sewer)
  A gnoll sergeant (D:8)
  5 wights
  A bombardier beetle (D:6)
  A jelly (D:8)
  An orc priest (D:3)
  2 gnoll boudas (D:7)
  Jessica (D:2)
  3 orc wizards
  11 gnolls
  3 adders
  3 shadow imps (Sewer)
  6 ufetubi (Sewer)
  A dart slug (D:1)
  A ribbon worm (D:3)
  13 orcs
  2 endoplasms (D:2)
  8 giant cockroaches
  6 goblins
  11 hobgoblins
  15 kobolds
  2 quokkas
  9 ball pythons
  4 bats
  6 frilled lizards
  A giant cockroach zombie (Sewer)
  4 kobold zombies (Sewer)
  7 rats
133 creatures vanquished.

Notes
Turn   | Place    | Note
-------+----------+-------------------------------------------
     0 | D:1      | dialectric the Coglin Gladiator began the quest for the
                  | Orb.
     0 | D:1      | Reached XP level 1. HP: 16/16 MP: 1/1
   103 | D:1      | Reached XP level 2. HP: 20/22 MP: 2/2
   701 | D:2      | Found a faded altar of an unknown god.
   724 | D:2      | Prayed at the altar of an unknown god.
   724 | D:2      | Became a worshipper of Qazlal Stormbringer
   724 | D:2      | Reached * piety under Qazlal
   733 | D:2      | Reached XP level 3. HP: 28/28 MP: 3/3
   797 | D:2      | Noticed Jessica
   803 | D:2      | Killed Jessica
   809 | D:2      | Reached XP level 4. HP: 34/34 MP: 4/4
  1502 | D:3      | Learned a level 3 spell: Swiftness
  1521 | D:3      | Reached ** piety under Qazlal
  1525 | D:3      | Found a glowing drain.
  1608 | Sewer    | Entered a sewer
  1644 | Sewer    | Reached skill level 3 in Fighting
  1693 | Sewer    | Reached XP level 5. HP: 41/41 MP: 5/5
  1717 | Sewer    | Found an ancient bone altar of Kikubaaqudgha.
  1917 | Sewer    | Noticed a phantom
  1948 | Sewer    | Killed a phantom
  1949 | Sewer    | Reached skill level 1 in Armour
  1949 | Sewer    | Reached XP level 6. HP: 6/48 MP: 6/6
  2309 | D:3      | Reached skill level 4 in Fighting
  2522 | D:3      | Reached *** piety under Qazlal
  2674 | D:3      | You fall into a shaft and drop 3 floors!
  2845 | D:7      | Noticed a black bear
  2859 | D:7      | Killed a black bear
  2860 | D:7      | Reached XP level 7. HP: 35/55 MP: 7/7
  3151 | D:7      | Found a glowing golden altar of the Shining One.
  3193 | D:7      | Found a stormy altar of Qazlal.
  3236 | D:7      | Found a sparkling altar of Nemelex Xobeh.
  3443 | D:7      | Noticed a wyvern
  3463 | D:8      | Reached skill level 5 in Fighting
  3924 | D:7      | Reached XP level 8. HP: 61/63 MP: 8/8
  3939 | D:7      | Killed a wyvern
  4159 | D:7      | Reached skill level 6 in Fighting
  4308 | D:8      | Found an ornate altar of the Wu Jian Council.
  4500 | D:8      | Reached skill level 5 in Polearms
  4500 | D:8      | Reached skill level 5 in Dodging
  4509 | D:8      | Slain by an orc warrior

Illustrated notes

Levels and vault maps discovered:
D:1:      dpeg_arrival_water_temple_mockup, layout_basic, minmay_misc_feat_room,
          hex_intersection
D:2:      minmay_recursive_quarters, layout_basic,
          shapermc_ecumenical_altar_venn, uniq_jessica
D:3:      layout_basic, cheibrodos_sewer_entry_drain, guppyfry_early_orc_mine
D:6:      layout_rooms, sigmund_edmund_badplayer
D:7:      layout_loops_cross, lemuel_crystal_altar, lemuel_round_altar,
          nemelex_diamond_rough_becter
D:8:      layout_cave_pools, nzn_wu_jian_council_hall,
          gammafunk_ghost_nasty_kobolds, special_room [special_room_orc],
          serial_column_ruins, column_ruins_hut_ruined, column_ruins_hut,
          column_ruins_open_tiny, column_ruins_open_small,
          column_ruins_open_large, column_ruins_grid_3

Skill      XL: |  1  2  3  4  5  6  7  8 |
---------------+-------------------------+-----
Throwing       | 2 3 |  3.0
Dodging        | 3 4 5 |  5.0
Polearms       | 3 4 5 |  5.0
Fighting       | 3 4 5 6 |  6.6
Armour         | 1 2 3 |  3.5

Action                     |  1- 3 |  4- 6 |  7- 9 || total
---------------------------+-------+-------+-------++-------
  Melee: Trident           |    51 |   202 |   148 ||   401
         Dagger            |     8 |       |       ||     8
         Short sword       |    20 |   162 |   130 ||   312
  Throw: Throwing net      |       |     1 |     5 ||     6
   Stab: Sleeping          |     4 |       |       ||     4
         Held in net/web   |       |     1 |       ||     1
 Armour: Leather armour    |    13 |   115 |    88 ||   216
  Dodge: Dodged            |    16 |   152 |   110 ||   278
  Block: Other             |       |    19 |    31 ||    50

Table legend: (Time is in decaauts)
 A = Elapsed time spent in this place.
 B = Non-inter-level travel time spent in this place.
 C = Inter-level travel time spent in this place.
 D = Time resting spent in this place.
 E = Time spent auto-exploring this place.
 F = Levels seen in this place.
 G = Mean time per level.
                   A        B        C        D        E       F      G
               +--------+--------+--------+--------+--------+-----+--------+
         Total |   4549 |   4436 |    113 |    755 |   2453 |   7 |  649.9 |
       Dungeon |   3972 |   3859 |    113 |    524 |   2344 |   6 |  662.0 |
         Sewer |    577 |    577 |      0 |    231 |    108 |   1 |  577.0 |
               +--------+--------+--------+--------+--------+-----+--------+

Top non-repeatable levels by time:
     D:7: 1383 daAuts
     D:2: 814 daAuts
     D:1: 681 daAuts
     D:3: 629 daAuts
   Sewer: 577 daAuts
     D:8: 345 daAuts
     D:6: 118 daAuts
